 Dungeon Sprint DCSS version 0.19-a0-1166-g02d67b9 (webtiles) character file.

8578 Conn321 the Eclecticist (level 11, -18/56 HPs)
             Began as a Deep Elf Fire Elementalist on Aug 14, 2016.
             Was a High Priest of Sif Muna.
             Demolished by an eldritch tentacle (31 damage)
             ... called by Kaor
             ... in the Dungeon (Sprint V: "Ziggurat Sprint").
             The game lasted 00:20:24 (665 turns).

Conn321 the Eclecticist (Deep Elf Fire Elementalist) Turns: 665, Time: 00:20:24

Health: -18/56     AC:  9    Str:  5    XL:     11   Next: 11%
Magic:  3/33       EV: 14    Int: 41    God:    Sif Muna [*****.]
Gold:   0          SH: 27    Dex: 15    Spells: 11 memorised, 7 levels left

rFire  + . .     SeeInvis .     z - +8 lance "Wyrmbane" {slay drac, rPois rF+ rC+ AC+3}
rCold  + + +     Gourm    .     H - +1 leather armour {rC+}
rNeg   + . .     Faith    .     B - +18 shield of the Gong {rElec rN+ MR+ EV-5}
rPois  +         Spirit   .     (no helmet)
rElec  +         Dismiss  .     Q - +1 cloak of Starlight {rElec rC+ EV+4 Stlth--}
rCorr  .         Reflect  .     (no gloves)
MR     ++...     Harm     .     (no boots)
Stlth  +......... NoTele   +    (no amulet)
                                J - +6 ring of intelligence
                                I - +6 ring of intelligence

@: brilliant, radiating poison, very slightly contaminated, hasted, very quick
A: no striking features
a: Divine Energy, Channel Magic, Forget Spell, Renounce Religion


You were in the Dungeon.
You worshipped Sif Muna.
Sif Muna was extremely pleased with you.
You were not hungry.

You visited 1 branch

Inventory:

Hand Weapons
 y - the +7 great mace "Firestarter" {inner flame, rF++}
   (You found it in the Dungeon)

   It has been specially enchanted to burn those struck by it, causing extra
   injury to most foes and up to half again as much damage against particularly
   susceptible opponents.
   It greatly protects you from fire.
 z - the +8 lance "Wyrmbane" (weapon) {slay drac, rPois rF+ rC+ AC+3}
   (You found it in the Dungeon)

   It affects your AC (+3).
   It protects you from fire.
   It protects you from cold.
   It protects you from poison.
 A - the +6 Majin-Bo {vamp, Archmagi MP+6 Int+6}
   (You found it in the Dungeon)

   It inflicts no extra harm, but heals its wielder somewhat when it strikes a
   living foe.
   It affects your intelligence (+6).
   It affects your magic capacity (+6).
 K - the +8 glaive of the Guard {elec, +Rage AC+5 SInv}
   (You found it in the Dungeon)

   Occasionally, upon striking a foe, it will discharge some electrical energy
   and cause terrible harm.
   It affects your AC (+5).
   It lets you see invisible.
   It lets you go berserk.
 R - the +10 executioner's axe of the Snake Pit {chop, rC++ Int+6}
   (You took it off an orc wizard in the Dungeon)

   It inflicts extra damage upon your enemies.
   It affects your intelligence (+6).
   It greatly protects you from cold.
Armour
 a - a +0 robe
 B - the +18 shield of the Gong (worn) {rElec rN+ MR+ EV-5}
   (You found it in the Dungeon)

   It affects your evasion (-5).
   It insulates you from electricity.
   It protects you from negative energy.
   It affects your resistance to hostile enchantments.
 H - a +1 leather armour of cold resistance (worn)
 Q - the +1 cloak of Starlight (worn) {rElec rC+ EV+4 Stlth--}
   (You found it in the Dungeon)

   It affects your evasion (+4).
   It protects you from cold.
   It insulates you from electricity.
   It makes you much less stealthy.
Rods
 P - a +2 rod of clouds (14/14)
   (You took it off a necromancer in the Dungeon)
Jewellery
 I - a +6 ring of intelligence (left hand)
 J - a +6 ring of intelligence (right hand)
 O - an uncursed ring of stealth
Wands
 C - a wand of disintegration (3/24)
 D - a wand of iceblast (5/15)
 E - a wand of lightning (4/15)
 F - a wand of acid (4/15)
Scrolls
 p - 4 scrolls of amnesia
 q - 3 scrolls of recharging
 r - 7 scrolls of fog
 t - 5 scrolls of identify
 u - 5 scrolls of remove curse
 v - 2 scrolls of fear
Potions
 d - 10 potions of curing
 e - 12 potions of heal wounds
 f - 4 potions of haste
 g - 7 potions of magic
 h - 3 potions of berserk rage
 j - a potion of brilliance
 k - a potion of invisibility
 l - 4 potions of resistance
 n - 4 potions of agility
 o - 6 potions of might
Books
 b - a book of Flames

   Spells                             Type                      Level
   a - Flame Tongue                   Conjuration/Fire             1
   b - Throw Flame                    Conjuration/Fire             2
   c - Conjure Flame                  Conjuration/Fire             3
   d - Inner Flame                    Hexes/Fire                   3
   e - Sticky Flame                   Conjuration/Fire             4
   f - Fireball                       Conjuration/Fire             5
 m - a book of Maledictions

   Spells                             Type                      Level
   a - Corona                         Hexes                        1
   b - Ensorcelled Hibernation        Hexes/Ice                    2
   c - Confuse                        Hexes                        3
   d - Tukima's Dance                 Hexes                        3
   e - Dazzling Spray                 Conjuration/Hexes            3
 L - the Disquisition on Excruciating Ignition
   (You found it in the Dungeon)

   Spells                             Type                      Level
   a - Shock                          Conjuration/Air              1
   b - Magic Dart                     Conjuration                  1
   c - Conjure Flame                  Conjuration/Fire             3
   d - Static Discharge               Conjuration/Air              3
   e - Iron Shot                      Conjuration/Earth            6
 M - Ovaqauk's Compendium of Battle Magic
   (Sif Muna gifted it to you in the Dungeon)

   Spells                             Type                      Level
   a - Magic Dart                     Conjuration                  1
   b - Searing Ray                    Conjuration                  2
   c - Stone Arrow                    Conjuration/Earth            3
   d - Bolt of Draining               Conjuration/Necromancy       5
   e - Bolt of Cold                   Conjuration/Ice              6
 N - Sif Muna's Handbook of Contamination and Displacement
   (Sif Muna gifted it to you in the Dungeon)

   Spells                             Type                      Level
   a - Ignite Poison                  Fire/Transmutation/Poison    3
   b - Olgreb's Toxic Radiance        Poison                       4
   c - Passage of Golubria            Translocation                4
   d - Poison Arrow                   Conjuration/Poison           6
 S - Sauraf's Grimoire of Weightlessness and Heat
   (You found it in the Dungeon)

   Spells                             Type                      Level
   a - Mephitic Cloud                 Conjuration/Poison/Air       3
   b - Inner Flame                    Hexes/Fire                   3
   c - Airstrike                      Air                          4
Comestibles
 c - 4 bread rations
 w - 42 fruits
 x - 4 meat rations
 G - 14 chunks of flesh


   Skills:
 + Level 1.2 Fighting
 + Level 0.1 Armour
 + Level 8.9 Dodging
 + Level 7.0 Stealth
 * Level 7.2 Shields
 * Level 16.0 Spellcasting
 * Level 12.8 Conjurations
 + Level 15.5 Fire Magic
 - Level 5.6 Earth Magic
 * Level 6.0 Poison Magic
 + Level 1.6 Invocations
 + Level 4.9 Evocations


You had 7 spell levels left.
You knew the following spells:

 Your Spells              Type           Power        Failure   Level  Hunger
a - Flame Tongue          Conj/Fire      #####        0%          1    None
b - Sticky Flame          Conj/Fire      ########     1%          4    None
c - Fireball              Conj/Fire      ########..   1%          5    None
d - Inner Flame           Hex/Fire       #######.     1%          3    None
e - Throw Flame           Conj/Fire      ######       1%          2    None
f - Dazzling Spray        Conj/Hex       ######       1%          3    None
g - Confuse               Hex            ######..     1%          3    None
h - Magic Dart            Conj           ####         1%          1    None
i - Iron Shot             Conj/Erth      #######...   2%          6    None
j - Olgreb's Toxic Radia  Pois           #######.     1%          4    None
k - Ignite Poison         Fire/Tmut/Pois #######.     1%          3    None


Dungeon Overview and Level Annotations

Branches:
Dungeon (1/1)

Altars:
Ashenzari
Cheibriados
Dithmenos
Elyvilon
Fedhas
Gozag
Hepliaklqana
Kikubaaqudgha
Makhleb
Nemelex Xobeh
Okawaru
Pakellas
Qazlal
Ru
Sif Muna
Trog
Uskayaw
Vehumet
Xom
Yredelemnul
Zin
The Shining One
Beogh
Jiyva
Lugonu


Message History

The fireball explodes!
The fireball engulfs Kaor.
Kaor is burned terribly!
You kill Kaor!
Sif Muna accepts your kill. Sif Muna grants you a gift!
Sif Muna grants you a gift!
Your Fighting skill increases to level 1!
Your Dodging skill increases to level 8!
Your Shields skill gained 3 levels and is now at level 7!
Your Spellcasting skill gained 3 levels and is now at level 16!
Your Conjurations skill increases to level 12!
Your Fire Magic skill increases to level 15!
Your Poison Magic skill gained 5 levels and is now at level 6!
Your Invocations skill increases to level 1!
You have reached level 11!
You feel your dexterity returning.
You block the eldritch tentacle's attack.
GONNNNG!
The eldritch tentacle claws you!!
Ouch! That really hurt!
You die...

▓▓▓▓▓▓▓▓▓▓▓▓▓▓▓▓▓▓
▓..8©8..▓
▓..:):..▓
▓..|=}..▓
▓.......▓
▓.*.....▓
▓..\....▓
▓...\...▓
▓.▓..\▓@▓
▓.....w.▓
▓▓▓▓▓▓▓▓▓


You could see an eldritch tentacle.

Vanquished Creatures
  A pandemonium lord (D)
  A vault warden (D)
  A necromancer (D)
  2 orc knights (D)
  An ugly thing (D)
  A spriggan (D)
  A porcupine (D)
  A sky beast (shapeshifter) (D)
  A black bear (D)
  A wolf (D)
  2 quasits (D)
  A crimson imp (D)
  An iron imp (D)
  2 orc wizards (D)
  3 orc priests (D)
  2 sheep (D)
  A river rat (D)
23 creatures vanquished.

Vanquished Creatures (others)
  A shadow imp (D)
1 creature vanquished.

Grand Total: 24 creatures vanquished

Notes
Turn   | Place    | Note
-------+----------+-------------------------------------------
     0 | D        | Conn321 the Deep Elf Fire Elementalist began the quest for the Orb.
     0 | D        | Reached XP level 1. HP: 10/10 MP: 6/6
     0 | D        | Found a blossoming altar of Fedhas.
     0 | D        | Found a snail-covered altar of Cheibriados.
     0 | D        | Found a viscous altar of Jiyva.
     0 | D        | Found a roughly hewn altar of Beogh.
     0 | D        | Found a corrupted altar of Lugonu.
     1 | D        | Found a white marble altar of Elyvilon.
     1 | D        | Found a shimmering altar of Xom.
     3 | D        | Found a deep blue altar of Sif Muna.
     3 | D        | Found a burning altar of Makhleb.
     3 | D        | Found a bloodstained altar of Trog.
     3 | D        | Found an iron altar of Okawaru.
     3 | D        | Found a sparkling altar of Nemelex Xobeh.
     3 | D        | Found a radiant altar of Vehumet.
    18 | D        | Became a worshipper of Sif Muna the Loreminder
    53 | D        | Entered arena 1.
    53 | D        | Noticed a red ugly thing
    53 | D        | Noticed a sky beast
    65 | D        | Killed a sky beast
    65 | D        | Reached * piety under Sif Muna
    65 | D        | Reached skill level 5 in Spellcasting
    65 | D        | Reached skill level 1 in Evocations
    65 | D        | Reached XP level 2. HP: 15/15 MP: 3/10
    65 | D        | Reached XP level 3. HP: 19/19 MP: 3/12
    65 | D        | Reached XP level 4. HP: 24/24 MP: 3/13
    69 | D        | Killed a red ugly thing
    69 | D        | Reached ** piety under Sif Muna
    69 | D        | Reached *** piety under Sif Muna
    69 | D        | Reached **** piety under Sif Muna
    69 | D        | Reached skill level 5 in Stealth
    69 | D        | Reached skill level 9 in Spellcasting
    69 | D        | Reached XP level 5. HP: 28/28 MP: 3/18
    69 | D        | Reached XP level 6. HP: 32/32 MP: 3/20
   185 | D        | Learned a level 4 spell: Sticky Flame
   191 | D        | Learned a level 5 spell: Fireball
   195 | D        | Learned a level 3 spell: Inner Flame
   316 | D        | Learned a level 2 spell: Throw Flame
   316 | D        | Reached ***** piety under Sif Muna
   316 | D        | Received a gift from Sif Muna
   316 | D        | Reached XP level 7. HP: 36/36 MP: 21/21
   324 | D        | Learned a level 3 spell: Dazzling Spray
   328 | D        | Learned a level 3 spell: Confuse
   328 | D        | Entered arena 2.
   328 | D        | Noticed a spriggan
   329 | D        | Killed a spriggan
   329 | D        | Reached XP level 8. HP: 41/41 MP: 22/23
   330 | D        | Reached skill level 10 in Spellcasting
   402 | D        | Entered arena 3.
   403 | D        | Reached skill level 1 in Shields
   417 | D        | Identified the Disquisition on Excruciating Ignition
   421 | D        | Learned a level 1 spell: Magic Dart
   428 | D        | Learned a level 6 spell: Iron Shot
   445 | D        | Entered arena 4.
   445 | D        | Noticed an orc knight
   445 | D        | Noticed an orc knight
   445 | D        | Noticed a necromancer
   445 | D        | Noticed a vault warden
   447 | D        | Killed a necromancer
   447 | D        | Received a gift from Sif Muna
   447 | D        | Reached skill level 11 in Spellcasting
   447 | D        | Reached skill level 10 in Conjurations
   449 | D        | Killed a vault warden
   449 | D        | Reached skill level 12 in Spellcasting
   449 | D        | Reached XP level 9. HP: 45/45 MP: 4/27
   449 | D        | Killed an orc knight
   449 | D        | Received a gift from Sif Muna
   449 | D        | Reached skill level 13 in Spellcasting
   449 | D        | Reached skill level 5 in Earth Magic
   450 | D        | Killed an orc knight
   450 | D        | Reached XP level 10. HP: 50/50 MP: 1/29
   452 | D        | Identified Ovaqauk's Compendium of Battle Magic (Sif Muna gifted it to you in the Dungeon)
   452 | D        | Identified Sif Muna's Handbook of Contamination and Displacement (Sif Muna gifted it to you in the Dungeon)
   590 | D        | Learned a level 4 spell: Olgreb's Toxic Radiance
   592 | D        | Entered arena 5.
   594 | D        | Reached skill level 1 in Poison Magic
   598 | D        | Got the +10 executioner's axe of the Snake Pit {chop, rC++ Int+6}
   602 | D        | Identified Sauraf's Grimoire of Weightlessness and Heat
   608 | D        | Learned a level 3 spell: Ignite Poison
   640 | D        | Entered arena 6.
   640 | D        | Noticed Kaor the pandemonium lord
   645 | D        | Noticed an eldritch tentacle
   665 | D        | Killed Kaor the pandemonium lord
   665 | D        | Received a gift from Sif Muna
   665 | D        | Received a gift from Sif Muna
   665 | D        | Reached skill level 1 in Fighting
   665 | D        | Reached skill level 16 in Spellcasting
   665 | D        | Reached skill level 15 in Fire Magic
   665 | D        | Reached skill level 1 in Invocations
   665 | D        | Reached XP level 11. HP: 13/56 MP: 2/33
   665 | D        | Demolished by an eldritch tentacle

Vault maps used:
D:        sprint_v

Skill      XL: |  1  2  3  4  5  6  7  8  9 10 |
---------------+-------------------------------+-----
Dodging        | 4 6 7 8 |  8.9
Stealth        | 3 5 6 7 |  7.0
Spellcasting   | 5 9 12 13 16 | 16.0
Conjurations   | 2 3 9 10 11 12 | 12.8
Fire Magic     | 7 12 14 15 | 15.5
Evocations     | 1 3 4 |  4.9
Shields        | 4 7 |  7.2
Earth Magic    | 4 5 |  5.6
Poison Magic   | 6 |  6.0
Fighting       | 1 |  1.2
Invocations    | 1 |  1.6
Armour         | |  0.1

Action                   |  1- 3 |  4- 6 |  7- 9 | 10-12 || total
-------------------------+-------+-------+-------+-------++-------
Melee: Great mace        |     1 |       |       |       ||     1
 Cast: Flame Tongue      |     2 |     1 |     3 |     1 ||     7
       Fireball          |       |       |     7 |    10 ||    17
       Sticky Flame      |       |       |     1 |     1 ||     2
       Olgreb's Toxic Ra |       |       |       |     1 ||     1
Invok: Channel Magic     |       |       |       |     1 ||     1
Evoke: Wand              |     3 |     3 |       |       ||     6
  Use: Potion            |     2 |     2 |       |     2 ||     6
       Scroll            |     2 |       |       |     3 ||     5
  Eat: Bread ration      |       |     1 |       |       ||     1
Armor: Leather armour    |       |       |       |     2 ||     2
Dodge: Dodged            |     1 |       |     1 |    14 ||    16
Block: Shield            |       |       |       |    31 ||    31
